 Dungeon Crawl Stone Soup version 0.32-a0-705-g60f233581c (webtiles) character file.

Game seed: 3432468264036638564

452 Griffin23 the Trooper (level 6, -1/56 HPs)
             Began as a Minotaur Fighter on Mar 14, 2024.
             Slain by a gnoll sergeant
             ... wielding a +0 trident of freezing
              (4 damage)
             ... on level 5 of the Dungeon.
             The game lasted 00:02:50 (3640 turns).

Griffin23 the Trooper (Minotaur Fighter)            Turns: 3640, Time: 00:02:51

Health: -1/56      AC:  7    Str: 22    XL:     6   Next: 75%
Magic:  5/5        EV:  8    Int:  5    God:
Gold:   231        SH:  4    Dex: 10    Spells: 5/5 levels left

rFire   . . .        a - +0 long sword
rCold   . . .        c - +0 buckler
rNeg    . . .        b - +0 scale mail
rPois   .            (helmet restricted)
rElec   .            (no cloak)
rCorr   .            (no gloves)
SInv    .            (no boots)
Will    .....        (no amulet) Stlth
                     (no ring)
HPRegen 0.29/turn    (no ring)
MPRegen 0.09/turn

%: no passive effects
@: no status effects
A: horns 2, retaliatory headbutt
a: no special abilities


You were on level 5 of the Dungeon.
You visited 1 branch of the dungeon, and saw 5 of its levels.

You collected 231 gold pieces.

Inventory:

Hand Weapons
 a - a +0 long sword (weapon)
Armour
 b - a +0 scale mail (worn)
 c - a +0 buckler (worn)
Jewellery
 g - a +5 ring of evasion
 q - an amulet of the acrobat
Wands
 s - a wand of charming (9)
Scrolls
 e - 2 scrolls of immolation
 f - 2 scrolls of teleportation
 h - a scroll of brand weapon {unknown}
 j - a scroll of vulnerability {unknown}
 m - a scroll of butterflies {unknown}
 o - a scroll of blinking {unknown}
 p - a scroll of enchant armour {unknown}
 t - a scroll of identify
Potions
 d - 2 potions of might
 i - 2 potions of curing
 k - a potion of heal wounds {unknown}
 l - a potion of brilliance {unknown}
 n - a potion of berserk rage {unknown}
 r - a potion of degeneration {unknown}
 u - a potion of enlightenment {unknown}
 v - a potion of resistance {unknown}
 w - a potion of lignification {unknown}


   Skills:
 + Level 5.6 Fighting
 + Level 4.8 Long Blades
 + Level 5.5 Armour
 + Level 5.5 Shields


You had 5 spell levels left.
You didn't know any spells.
Your spell library contained the following spells:

 Spells                   Type           Power      Damage    Failure   Level
 Apportation              Tloc           0%         N/A       85%         1
 Necrotise                Necr           0%         1d4       85%         1
 Sting                    Conj/Alch      0%         1d3       85%         1
 Summon Small Mammal      Summ           0%         N/A       85%         1
 Manifold Assault         Tloc           0%         N/A       100%        4
 Dispersal                Tloc           0%         N/A       100%        6
 Disjunction              Tloc           0%         N/A       100%        8
 Chain Lightning          Conj/Air       0%         N/A       100%        9
 Fire Storm               Conj/Fire      0%         5d1       100%        9
 Shatter                  Erth           0%         3d5*      100%        9


Dungeon Overview and Level Annotations

Branches:
Dungeon (4/15)
 Temple: D:4-7

Altars:
Cheibriados


Innate Abilities, Weirdness & Mutations

You have a pair of horns on your head.
You reflexively headbutt those who attack you in melee.


Message History

Found a scroll labelled NUCZIO MEIGUIF.
The orc shouts!
A gnoll and an orc come into view.
The orc shouts!
The orc zaps a wand.
Your will is overpowered!
You are confused.
An orc comes into view. It is wielding a +0 morningstar.
You closely miss the orc.
The orc shouts!
The orc hits you but does no damage.
A gnoll sergeant comes into view.
It is wielding a +0 trident of freezing.
An ogre comes into view. It is wielding a +0 giant club.
The orc wizard attacks as it pursues you!
The orc wizard hits you with a +0 dagger.
You barely miss the orc. The orc hits you with a +0 mace.
* * * LOW HITPOINT WARNING * * *
The adder bites you but does no damage. The orc wizard completely misses you.
The adder bites you.
* * * LOW HITPOINT WARNING * * *
The orc barely misses you.
You miss the orc wizard.
The orc wizard hits you with a +0 dagger.
* * * LOW HITPOINT WARNING * * *
The adder closely misses you. The orc hits you with a +0 mace.
* * * LOW HITPOINT WARNING * * *
You miss the orc. The adder closely misses you.
The orc hits you but does no damage. The orc wizard barely misses you.
The orc hits you but does no damage. The adder barely misses you.
You feel less confused. The adder bites you but does no damage.
You miss the adder. The adder bites you but does no damage.
A gnoll comes into view. It is wielding a +0 halberd.
The orc wizard barely misses you. The adder bites you but does no damage.
The orc hits you with a +0 flail.
* * * LOW HITPOINT WARNING * * *
You closely miss the adder.
The gnoll shouts!
The orc closely misses you. You furiously retaliate!
You headbutt the orc.
The gnoll sergeant hits you from afar with a +0 trident of freezing.
You die...

.. ##...# #.
####...## #.#
###......#
..#######.......## .
..#..........### ...
#.#.......####
.....#.#)...######
.......)).)......#
...##....oo@og...###
#.#...ooS......#
#..#...Og....#.
....#.........#
..##..............
.. #...........#..
.. ##.............
.............g.
?..............


You could see an ogre, a gnoll sergeant, an orc wizard, 2 gnolls, an adder and 4
orcs.

Vanquished Creatures
  3 scorpions
  A bombardier beetle (D:3)
  An orc priest (D:5)
  A hound (D:5)
  2 orc wizards
  5 adders
  A ribbon worm (D:2)
  A dart slug (D:1)
  13 orcs
  3 bats
  8 endoplasms
  2 giant cockroaches
  4 goblins
  4 hobgoblins
  10 jackals
  9 kobolds
  2 quokkas (D:1)
  9 ball pythons
  2 frilled lizards
  5 rats (D:1)
86 creatures vanquished.

Notes
Turn   | Place    | Note
-------+----------+-------------------------------------------
     0 | D:1      | Griffin23 the Minotaur Fighter began the quest for the Orb.
     0 | D:1      | Reached XP level 1. HP: 19/19 MP: 0/0
   319 | D:1      | Reached XP level 2. HP: 27/27 MP: 1/1
   776 | D:1      | Reached XP level 3. HP: 33/33 MP: 2/2
  1505 | D:2      | Reached XP level 4. HP: 38/41 MP: 3/3
  2230 | D:3      | Found a snail-covered altar of Cheibriados.
  2649 | D:4      | Noticed a scorpion
  2654 | D:4      | Killed a scorpion
  2655 | D:4      | Reached XP level 5. HP: 32/47 MP: 4/4
  2763 | D:4      | Reached skill level 5 in Fighting
  2789 | D:4      | Reached skill level 5 in Armour
  3148 | D:4      | Reached skill level 5 in Shields
  3148 | D:4      | Reached XP level 6. HP: 52/56 MP: 5/5
  3495 | D:4      | You fall into a shaft and drop 1 floor!
  3495 | D:5      | Entered Level 5 of the Dungeon
  3640 | D:5      | Slain by a gnoll sergeant

Illustrated notes

Levels and vault maps discovered:
D:1:      dpeg_arrival_houses_and_road, layout_basic, serial_bayou_pond_e
D:2:      layout_rooms
D:3:      wad_lake_hut, layout_loops_ring, slow_altar_2,
          wad_floor_pattern_untrapped, hangedman_decor_points
D:4:      layout_loops_ring
D:5:      layout_rooms, serial_curves, eino_curves_03, eino_curves_04,
          ebering_ghost_disaster_area

Skill      XL: |  1  2  3  4  5 |
---------------+----------------+-----
Long Blades    | 3 4 |  4.8
Armour         | 4 5 |  5.5
Fighting       | 4 5 |  5.6
Shields        | 4 5 |  5.5

Action                     |  1- 3 |  4- 6 || total
---------------------------+-------+-------++-------
  Melee: Long sword        |    99 |   138 ||   237
         Headbutt          |    15 |    17 ||    32
    Use: Scroll            |       |     3 ||     3
 Armour: Scale mail        |    67 |   150 ||   217
  Dodge: Dodged            |    38 |    69 ||   107
  Block: Buckler           |    17 |    36 ||    53

Table legend: (Time is in decaauts)
 A = Elapsed time spent in this place.
 B = Non-inter-level travel time spent in this place.
 C = Inter-level travel time spent in this place.
 D = Time resting spent in this place.
 E = Time spent auto-exploring this place.
 F = Levels seen in this place.
 G = Mean time per level.
                   A        B        C        D        E       F      G
               +--------+--------+--------+--------+--------+-----+--------+
         Total |   3743 |   3654 |     89 |    359 |   2741 |   5 |  748.6 |
       Dungeon |   3743 |   3654 |     89 |    359 |   2741 |   5 |  748.6 |
               +--------+--------+--------+--------+--------+-----+--------+

Top non-repeatable levels by time:
     D:1: 1222 daAuts
     D:3: 1029 daAuts
     D:4: 856 daAuts
     D:2: 483 daAuts
     D:5: 151 daAuts
